 Dungeon Crawl Stone Soup version 0.13-a0-1585-g6f4f798 (webtiles) character file.

1015 Kae the Chiller (level 7, -6/43 (46) HPs)
             Began as a Demonspawn Ice Elementalist on June 12, 2013.
             Killed from afar by Kae's ghost (9 damage)
             ... with a puff of frost
             ... on Level 6 of the Dungeon.
             The game lasted 00:10:55 (4021 turns).

Kae the Chiller (Demonspawn Ice Elementalist)       Turns: 4021, Time: 00:10:55

HP  -6/43 (46)   AC  4     Str  8      XL: 7   Next: 44%
MP  12/14        EV 12     Int 18      God:
Gold 287         SH  0     Dex 14      Spells:  3 memorised,  6 levels left

Res.Fire  : . . .   See Invis. : .   j - +2,+1 elf whip
Res.Cold  : . . .   Warding    : .   a - +0 robe
Life Prot.: . . .   Conserve   : .   (no shield)
Res.Poison: .       Res.Corr.  : .   (helmet restricted)
Res.Elec. : .       Clarity    : .   (no cloak)
Sust.Abil.: . .     Spirit.Shd : .   (no gloves)
Res.Mut.  : .       Stasis     : .   (no boots)
Res.Rott. : .       Flight     : .   (no amulet)
Saprovore : . . .                    (no ring)
                                     (no ring)

@: slightly resistant to hostile enchantments, fairly stealthy
A: horns 1, powered by death 1, spiny 1, AC +2
a: no special abilities


You were on level 6 of the Dungeon.
You were not hungry.

You visited 1 branch of the dungeon, and saw 6 of its levels.

You collected 267 gold pieces.

Inventory:

Hand weapons
 j - a +2,+1 elven whip (weapon)
Armour
 a - a +0 robe (worn)
 e - a +0 buckler
 y - a +1 dwarven cloak
Magical devices
 l - a wand of fire (12) {unknown}
Comestibles
 c - 7 bread rations
 k - 2 pears
 r - 2 chunks of jackal flesh
 s - 2 meat rations
 w - 2 apples
 B - a rotting chunk of hound flesh
Scrolls
 f - a scroll of enchant weapon II
 i - 2 scrolls of remove curse
 t - a scroll of enchant weapon I {unknown}
 C - a scroll of random uselessness {unknown}
Jewellery
 g - an uncursed ring of hunger
Potions
 d - 2 potions of agility
 m - a potion of speed {unknown}
 o - 2 potions of brilliance {unknown}
 p - a potion of restore abilities
 q - a potion of confusion {unknown}
 u - a potion of curing
 v - a potion of coagulated blood
 A - a potion of heal wounds {unknown}
Books
 b - a book of Frost

   Spells                             Type                      Level
   *Freeze                            Ice                          1
   *Throw Frost                       Conjuration/Ice              2
   *Ozocubu's Armour                  Charms/Ice                   3
   Throw Icicle                       Conjuration/Ice              4
   Summon Ice Beast                   Ice/Summoning                4
   Condensation Shield                Ice                          4
 n - a book of Ice

   Spells                             Type                      Level
   Freezing Aura                      Charms/Ice                   2
   Ensorcelled Hibernation            Hexes/Ice                    2
   Ozocubu's Refrigeration            Ice                          6
   Bolt of Cold                       Conjuration/Ice              6
   Freezing Cloud                     Conjuration/Ice/Air          6
   Metabolic Englaciation             Hexes/Ice                    6
   Simulacrum                         Ice/Necromancy               6


   Skills:
 - Level 1.7 Dodging
 - Level 1.7 Stealth
 + Level 3.0 Spellcasting
 * Level 4.8 Conjurations
 * Level 5.8 Ice Magic


You had 6 spell levels left.
You knew the following spells:

 Your Spells              Type           Power        Failure   Level  Hunger
a - Freeze                Ice            ###.         1%          1    None
b - Throw Frost           Conj/Ice       ###...       2%          2    ##.....
c - Ozocubu's Armour      Chrm/Ice       ##........   17%         3    ###....


Dungeon Overview and Level Annotations

Branches:
Dungeon (6/27)
 Temple: D:4-7          Orc: D:6-11

Altars:
Elyvilon

Shops:
D:4: [

Annotations
D:6 Kae's ghost, experienced DsIE


Innate Abilities, Weirdness & Mutations

You have a pair of small horns on your head.
You are partially covered in slimy green scales (AC +2).
You can steal the life force of nearby defeated enemies.
You are partially covered in sharp spines.


Message History

Kae's ghost dodges your spines.
Kae's ghost hits you but does no damage.
You suddenly lose the ability to move!
Kae's ghost dodges your spines.
Kae's ghost hits you but does no damage.
You are electrocuted!
Ouch! That really hurt!
Kae's ghost dodges your spines. Kae's ghost hits you!
* * * LOW HITPOINT WARNING * * *
Kae's ghost hits you.
* * * LOW HITPOINT WARNING * * *
You resist.
You can move again.
Unknown command.
Unknown command.
Unknown command.
Kae's ghost casts a spell at you. The puff of frost hits you!
One of your 2 potions of restore abilities freezes and shatters!
You die...

#.. #.......
........
.........
#........#
##........#
#.........#
##........#
######..@......#
...............#
........p......#
..............#
..............#
..............#
.....(.......
...........
.........


You could see Kae's ghost.

Vanquished Creatures
  A necrophage (D:5)
  A water moccasin (D:5)
  A giant frog (D:5)
  A hound (D:5)
  2 orc priests (D:3)
  3 orc wizards
  An iguana (D:4)
  3 worker ants
  A scorpion (D:4)
  8 adders
  4 gnolls (D:4)
  A worm (D:5)
  A giant gecko (D:1)
  11 orcs
  8 bats
  3 giant cockroaches
  5 hobgoblins
  9 jackals
  9 kobolds
  An ooze (D:3)
  A quokka (D:4)
  2 ball pythons
  7 giant newts
  9 goblins
  A goblin skeleton (D:5)
  9 rats
103 creatures vanquished.

Vanquished Creatures (others)
  A hobgoblin (D:4)
  A kobold (D:3)
  A rat (D:1)
3 creatures vanquished.

Grand Total: 106 creatures vanquished

Notes
Turn   | Place    | Note
--------------------------------------------------------------
     0 | D:1      | Kae, the Demonspawn Ice Elementalist, began the quest for the Orb.
     0 | D:1      | Reached XP level 1. HP: 13/13 MP: 3/3
    94 | D:1      | Reached skill level 3 in Ice Magic
   306 | D:1      | Gained mutation: You can steal the life force of nearby defeated enemies. [demonic ancestry]
   306 | D:1      | Reached XP level 2. HP: 17/19 MP: 2/4
   819 | D:2      | Learned a level 2 spell: Throw Frost
   826 | D:2      | Gained mutation: You have a pair of small horns on your head. [demonic ancestry]
   826 | D:2      | Reached XP level 3. HP: 24/24 MP: 1/6
  1452 | D:2      | Gained mutation: You are partially covered in sharp spines. [demonic ancestry]
  1452 | D:2      | Reached XP level 4. HP: 30/30 MP: 7/7
  1760 | D:3      | Reached skill level 4 in Ice Magic
  1941 | D:3      | Found a white marble altar of Elyvilon.
  2330 | D:3      | Reached XP level 5. HP: 35/35 MP: 7/9
  2593 | D:4      | Noticed a phantom
  2682 | D:4      | Found Lili's Antique Armour Boutique.
  2808 | D:4      | Learned a level 3 spell: Ozocubu's Armour
  2833 | D:4      | Reached XP level 6. HP: 39/41 MP: 9/11
  3259 | D:4      | Reached skill level 5 in Ice Magic
  3408 | D:5      | Entered Level 5 of the Dungeon
  3706 | D:5      | Gained mutation: You are partially covered in slimy green scales (AC +2). [demonic ancestry]
  3706 | D:5      | Reached XP level 7. HP: 38/46 MP: 0/13
  3740 | D:5      | Noticed a necrophage
  3759 | D:5      | Killed a necrophage
  4011 | D:6      | Noticed Kae's ghost (experienced DsIE)
  4017 | D:6      | Paralysed by Kae's ghost for 4 turns
  4021 | D:6      | Killed from afar by Kae's ghost

Action                   |  1- 3 |  4- 6 |  7- 9 || total
-------------------------+-------+-------+-------++-------
Melee: Whip              |    24 |    41 |    21 ||    86
       Unarmed           |    10 |       |       ||    10
 Cast: Freeze            |    45 |   118 |    11 ||   174
  Use: Scroll            |       |     9 |     2 ||    11
       Potion            |       |       |     2 ||     2
